 Dungeon Crawl Stone Soup version 0.27-a0-1147-gb3d8e82157 (webtiles) character file.

Game seed: 2063187105017875213

32 DasRunzen the Slasher (level 3, -1/28 HPs)
             Began as a Demonspawn Gladiator on May 11, 2021.
             Slain by a goblin
             ... wielding a +0 club
             ... led by Robin
              (3 damage)
             ... on level 2 of the Dungeon.
             The game lasted 00:01:48 (1432 turns).

DasRunzen the Slasher (Demonspawn Gladiator)        Turns: 1432, Time: 00:01:49

Health: -1/28      AC:  5    Str: 14    XL:     3   Next: 8%
Magic:  3/3        EV: 12    Int: 10    God:
Gold:   67         SH:  0    Dex: 14    Spells: 2/2 levels left

rFire    . . .     SeeInvis .   a - +0 long sword
rCold    . . .     Faith    .   (no shield)
rNeg     . . .     Spirit   .   b - +0 leather armour
rPois    .         Reflect  .   c - +0 helmet
rElec    .         Harm     .   (no cloak)
rCorr    .         Rampage  .   (no gloves)
Will     .....                  (no boots)
Stlth    +.........             (no amulet)
HPRegen  0.09/turn              (no ring)
MPRegen  0.08/turn              (no ring)

@: no status effects
A: powered by death 1, sharp scales 1
a: no special abilities


You were on level 2 of the Dungeon.
You visited 1 branch of the dungeon, and saw 2 of its levels.

You collected 67 gold pieces.

Inventory:

Hand Weapons
 a - a +0 long sword (weapon)
Missiles
 d - 3 throwing nets (quivered)
Armour
 b - a +0 leather armour (worn)
 c - a +0 helmet (worn)
Scrolls
 h - a scroll of identify {unknown}
 i - a scroll of teleportation {unknown}
Potions
 e - a potion of degeneration {unknown}
 f - a potion of ambrosia {unknown}
 g - a potion of lignification {unknown}


   Skills:
 + Level 2.4 Fighting
 + Level 3.0 Long Blades
 - Level 1.7 Throwing
 + Level 1.0 Armour
 + Level 3.0 Dodging


You had 2 spell levels left.
You didn't know any spells.
Your spell library was empty.

Dungeon Overview and Level Annotations

Branches:
Dungeon (2/15)

Altars:

Shops:
D:2 :

Annotations:
D:2 Robin


Innate Abilities, Weirdness & Mutations

You regenerate a little health from kills.
You are partially covered in razor-sharp scales. (AC +1, Slay +1)


Message History

The goblin closely misses you. The goblin barely misses you. x2
Robin's horned helmet rattles.
The goblin closely misses you.
You see here a +0 dagger.
Robin roars a battlecry!
The hobgoblin goes into a battle-frenzy!
You hear a shout! x2
You barely miss the goblin.
The goblin is moderately wounded.
The goblin no longer looks unusually strong.
The goblin shouts!
You hit the goblin.
You kill the goblin!
The goblin no longer looks unusually strong.
A goblin comes into view. It is wielding a +0 club.
You closely miss the hobgoblin. The hobgoblin hits you.
Robin throws the goblin at you!
A goblin comes into view. It is wielding a +0 dagger.
You slash the goblin!
You kill the goblin!
Robin roars a battlecry!
The goblins go into a battle-frenzy!
The hobgoblin barely misses you. The goblin hits you with a +0 club.
Robin drinks a potion.
Robin seems to grow stronger.
The goblin no longer looks unusually strong.
Things that are here:
a +0 club; a goblin corpse You barely miss the hobgoblin.
The hobgoblin hits you.
You are too injured to fight recklessly!
You hit the hobgoblin.
The hobgoblin is severely wounded.
The hobgoblin barely misses you.
You barely miss the hobgoblin.
The hobgoblin is severely wounded.
The goblin hits you with a +0 club.
* * * LOW HITPOINT WARNING * * *
The hobgoblin hits you.
* * * LOW HITPOINT WARNING * * *
The goblin hits you with a +0 club.
You die...

....#####...# #ggg...g#
######).# #
##############.g.#....
.......................
########...##g###...###
####...g.g# ...#
#.(..#.g#####.#.#
...#.##...g@..#..#.#
#......#####...##.#
#...###....#
#.)##.######### #.
#.##.###..##.#........ .
####.##...........#######
.......).##.#.#.##### ##
##...###............####.
...### ####.###.##.......
.## #.###.#......#.


You could see Robin (strong), a hobgoblin (strong) and a goblin.

Vanquished Creatures
  A gnoll (D:1)
  A ball python (D:1)
  A bat (D:1)
  An endoplasm (D:1)
  A giant cockroach (D:1)
  7 goblins (D:2)
  3 hobgoblins (D:1)
  A kobold (D:1)
  2 frilled lizards (D:1)
18 creatures vanquished.

Notes
Turn   | Place    | Note
-------+----------+-------------------------------------------
     0 | D:1      | DasRunzen the Demonspawn Gladiator began the quest for the
                  | Orb.
     0 | D:1      | Reached XP level 1. HP: 16/16 MP: 1/1
   609 | D:1      | Found a faded altar of an unknown god.
   709 | D:1      | Gained mutation: You regenerate a little health from kills.
                  | [demonic ancestry]
   709 | D:1      | Reached XP level 2. HP: 22/22 MP: 2/2
  1155 | D:2      | Found Quczaufa's Book Emporium.
  1400 | D:2      | Noticed Robin
  1409 | D:2      | Reached skill level 1 in Armour
  1419 | D:2      | Gained mutation: You are partially covered in razor-sharp
                  | scales. (AC +1, Slay +1) [demonic ancestry]
  1419 | D:2      | Reached XP level 3. HP: 25/28 MP: 3/3
  1432 | D:2      | Slain by a goblin

Illustrated notes

Levels and vault maps discovered:
D:1:      giann_horns, layout_basic, chequers_ecumenical_altar_lobes
D:2:      layout_rooms, serial_shops, shop_fountains, uniq_jessica,
          uniq_terence, uniq_robin

Skill      XL: |  1  2 |
---------------+-------+-----
Long Blades    | 3 |  3.0
Dodging        | 3 |  3.0
Armour         | 1 |  1.0
Fighting       | |  2.4
Throwing       | |  1.7

Action                   || total
-------------------------++-------
Melee: Long sword        ||    45
 Stab: Sleeping          ||     1
Armor: Leather armour    ||    11
Dodge: Dodged            ||    35
       Rpst.: Long sword ||    10

Table legend: (Time is in decaauts)
 A = Elapsed time spent in this place.
 B = Non-inter-level travel time spent in this place.
 C = Inter-level travel time spent in this place.
 D = Time resting spent in this place.
 E = Time spent auto-exploring this place.
 F = Levels seen in this place.
 G = Mean time per level.
                   A        B        C        D        E       F      G
               +--------+--------+--------+--------+--------+-----+--------+
         Total |   1443 |   1423 |     20 |      0 |   1298 |   2 |  721.5 |
       Dungeon |   1443 |   1423 |     20 |      0 |   1298 |   2 |  721.5 |
               +--------+--------+--------+--------+--------+-----+--------+

Top non-repeatable levels by time:
     D:1: 1156 daAuts
     D:2: 286 daAuts
